 Dungeon Crawl Stone Soup version 0.31-a0-744-gbc345e7fcb (webtiles) character file.

Game seed: 15238951324475004425

2160 Opifex the Chopper (level 9, -15/87 HPs)
             Began as a Troll Monk on Sept 13, 2023.
             Was a Priest of Okawaru.
             Killed from afar by a juvenile stingshock beast (19 damage)
             ... with a living lightning
             ... on level 7 of the Dungeon.
             The game lasted 00:07:37 (5318 turns).

Opifex the Chopper (Troll Monk)                     Turns: 5318, Time: 00:07:38

Health: -15/87     AC:  1    Str: 25    XL:     9   Next: 10%
Magic:  0/8        EV: 11    Int:  6    God:    Okawaru [***...]
Gold:   357        SH:  0    Dex: 12    Spells: 8/8 levels left

rFire   . . .        a - +0 hand axe (elec)
rCold   + . .        d - orb {light}
rNeg    . . .        b - +1 robe
rPois   .            (helmet restricted)
rElec   .            (no cloak)
rCorr   .            (gloves unavailable)
SInv    +            (boots unavailable)
Will    .....        w - amulet of guardian spirit
Stlth   +            m - ring of protection from cold
HPRegen 1.14/turn    B - ring of see invisible
MPRegen 0.11/turn

%: guardian spirit
@: corroded, glowing
A: large, unfitting armour, claws 3, regeneration 1, shaggy fur 1, tough skin 1
a: Renounce Religion, Heroism


You were on level 7 of the Dungeon.
You worshipped Okawaru.
Okawaru was most pleased with you.
You visited 2 branches of the dungeon, and saw 8 of its levels.

You collected 357 gold pieces.

Inventory:

Hand Weapons
 a - a +0 hand axe of electrocution (weapon)
Armour
 b - a +1 robe (worn)
 d - an orb of light (worn)
Jewellery
 m - a ring of protection from cold (left claw)
 w - an amulet of guardian spirit (around neck)
 y - a ring of flight
 B - a ring of see invisible (right claw)
Talismans
 e - a flux talisman
Wands
 z - a wand of polymorph (9)
Scrolls
 j - 2 scrolls of vulnerability
 l - a scroll of teleportation
 n - 2 scrolls of fog
 v - a scroll of blinking {unknown}
 A - a scroll of enchant armour
Potions
 c - 2 potions of ambrosia
 f - 2 potions of mutation
 h - 4 potions of curing
 k - a potion of enlightenment {unknown}
 o - 3 potions of attraction {unknown}
 p - a potion of brilliance {unknown}
 q - 2 potions of degeneration {unknown}
 r - 2 potions of cancellation {unknown}
 s - a potion of invisibility {unknown}
 u - a potion of magic {unknown}


   Skills:
 + Level 4.9 Fighting
 + Level 7.3 Axes
 + Level 4.5 Dodging
 + Level 0.7 Stealth
 * Level 4.4 Shapeshifting


You had 8 spell levels left.
You didn't know any spells.
Your spell library contained the following spells:

 Spells                   Type           Power      Damage    Failure   Level
 Necrotise                Necr           0%         1d4       45%         1
 Ignite Poison            Fire/Tmut/Pois 0%         N/A       83%         3
 Vampiric Draining        Necr           0%         2d6       83%         3
 Volatile Blastmotes      Fire/Tloc      0%         2d10      83%         3
 Fulminant Prism          Conj/Hex       0%         3d5       99%         4
 Iskenderun's Mystic Bla  Conj/Tloc      0%         2d3       99%         4
 Sticky Flame             Conj/Fire      0%         2d3       99%         4
 Agony                    Necr           0%         N/A       100%        5
 Ignition                 Fire           0%         3d3       100%        8


Dungeon Overview and Level Annotations

Branches:
Dungeon (7/15)             Temple (1/1) D:5

Altars:
Ashenzari
Cheibriados
Dithmenos
Elyvilon
Fedhas
Hepliaklqana
Kikubaaqudgha
Makhleb
Nemelex Xobeh
Okawaru
Qazlal
Ru
Sif Muna
Trog
Uskayaw
Vehumet
Yredelemnul
The Shining One

Shops:
D:3 [


Innate Abilities, Weirdness & Mutations

You are too large for most types of armour.
You have claws for hands.
Your natural rate of healing is unusually fast.
You are covered in fur. (AC +1)
You have tough skin. (AC +1)


Message History

You slash the jelly! Lightning courses through the jelly!
You kill the jelly!
Okawaru accepts your kill.
The juvenile stingshock beast bursts into living lightning!
The living lightning hits you!
The juvenile stingshock beast blinks!
The larval firebat beast closely misses you.
You hear a bellow!
You hit the juvenile stingshock beast.
The juvenile stingshock beast is lightly wounded.
You hit the larval firebat beast.
You kill the larval firebat beast!
Okawaru accepts your kill.
The juvenile stingshock beast hits you!!
* * * LOW HITPOINT WARNING * * *
The juvenile stingshock beast stings you.
* * * LOW HITPOINT WARNING * * *
You are lethally poisoned!
The juvenile stingshock beast poisons you!
Okay, then.
Unknown command.
You feel much better.
You feel very sick. The juvenile stingshock beast hits you!
* * * LOW HITPOINT WARNING * * *
The juvenile stingshock beast barely misses you.
You feel better.
The juvenile stingshock beast hits you!!
* * * LOW HITPOINT WARNING * * *
The juvenile stingshock beast misses you.
The juvenile stingshock beast barely misses you.
Okay, then.
The juvenile stingshock beast stings you from afar!
* * * LOW HITPOINT WARNING * * *
The juvenile stingshock beast attacks as it pursues you!
The juvenile stingshock beast stings you from afar!
* * * LOW HITPOINT WARNING * * *
Unknown command.
The juvenile stingshock beast bursts into living lightning!
The living lightning hits you!!
You die...

#..........# ...
#..........## ...
#...........## ...
#.........#..#
########...#.# ......
####.#.#.# .. }#.
##....#...# .. ....
####..######.# .#.....
#.....)@.# #### ..$.....
##...))..####.##...H.#.#
##.......H...#.........
##.....####H.†.# #.....#
#...## ........# #...#
######### #...# #...#
#...#


You could see a juvenile stingshock beast.

Vanquished Creatures
  Grinder (D:6)
  A steam dragon (D:7)
  A water moccasin (D:7)
  2 sky beasts (D:6)
  An ice beast (D:7)
  An ogre (D:4)
  2 black bears
  3 phantoms
  A kobold brigand (D:6)
  A bullfrog (D:6)
  3 scorpions
  A jelly (D:7)
  2 orc priests
  2 hounds (D:5)
  4 iguanas
  A sleepcap (D:7)
  2 orc wizards
  4 mutant beasts (D:7)
  4 gnolls (D:3)
  5 adders
  A shadow imp (D:7)
  3 white imps
  An ufetubus (D:4)
  A worm (D:4)
  3 dart slugs
  11 orcs
  8 ball pythons
  7 bats
  A bat skeleton (D:2)
  A bat zombie (D:2)
  4 endoplasms
  2 giant cockroaches
  7 goblins
  8 hobgoblins
  17 kobolds
  3 quokkas
  A ball python zombie (D:2)
  4 frilled lizards
  A jackal zombie (D:2)
  A quokka skeleton (D:2)
  7 rats
134 creatures vanquished.

Notes
Turn   | Place    | Note
-------+----------+-------------------------------------------
     0 | D:1      | Opifex the Troll Monk began the quest for the Orb.
     0 | D:1      | Reached XP level 1. HP: 22/22 MP: 0/0
   144 | D:1      | Reached XP level 2. HP: 29/29 MP: 1/1
   335 | D:1      | Found a faded altar of an unknown god.
   828 | D:2      | HP: 1/29 [poisoned by a kobold]
   916 | D:2      | Reached XP level 3. HP: 36/36 MP: 2/2
  1305 | D:3      | Identified the +2 sling of Bodily Harmony {drain, rF+ rN+}
  1347 | D:3      | Reached skill level 3 in Axes
  1557 | D:3      | Found a bloodstained altar of Trog.
  1575 | D:3      | Reached XP level 4. HP: 39/44 MP: 3/3
  1872 | D:3      | Reached skill level 1 in Shapeshifting
  1903 | D:3      | Found Cowy's Antique Armour Shop.
  2069 | D:3      | Reached XP level 5. HP: 47/53 MP: 4/4
  2257 | D:3      | Found a stormy altar of Qazlal.
  2674 | D:4      | Reached skill level 4 in Axes
  2755 | D:4      | Noticed an ogre
  2766 | D:4      | Killed an ogre
  2767 | D:4      | Reached XP level 6. HP: 14/61 MP: 5/5
  3245 | D:5      | Entered Level 5 of the Dungeon
  3295 | D:5      | Found a shadowy altar of Dithmenos.
  3337 | D:5      | Reached skill level 5 in Axes
  3376 | D:5      | Found a staircase to the Ecumenical Temple.
  3383 | D:5      | Reached XP level 7. HP: 56/67 MP: 6/6
  3395 | Temple   | Entered the Ecumenical Temple
  3405 | Temple   | Became a worshipper of Warmaster Okawaru
  3405 | Temple   | Reached * piety under Okawaru
  3405 | Temple   | Reached ** piety under Okawaru
  3770 | D:5      | Found a shimmering blue altar of Sif Muna.
  4026 | D:6      | Reached skill level 6 in Axes
  4026 | D:6      | Reached XP level 8. HP: 78/78 MP: 7/7
  4072 | D:6      | Noticed Grinder
  4073 | D:6      | Paralysed by Grinder for 5 turns
  4087 | D:6      | Killed Grinder
  4253 | D:6      | Reached *** piety under Okawaru
  4729 | D:7      | Reached skill level 7 in Axes
  4861 | D:7      | Found a radiant altar of Vehumet.
  4908 | D:7      | Reached XP level 9. HP: 87/87 MP: 8/8
  4946 | D:7      | Noticed a juvenile stingshock beast
  5177 | D:7      | Found a glowing golden altar of the Shining One.
  5313 | D:7      | HP: 4/87 [juvenile stingshock beast (8)]
  5316 | D:7      | HP: 1/87 [juvenile stingshock beast (6)]
  5318 | D:7      | Killed from afar by a juvenile stingshock beast

Illustrated notes

Levels and vault maps discovered:
D:1:      kennysheep_arrival_seaside, layout_loops_ring,
          ebering_ecumenical_altar_rust, st_stairs_1
D:2:      layout_basic, serial_undead, serial_undead_e, serial_undead_f,
          serial_undead_d, serial_undead_b, hex_tiny
D:3:      layout_loops_ring, mainiacjoe_overflow_alcove_1,
          general_overflow_altar, serial_shops, nicolae_shop_tiny_glass,
          minmay_unequal
D:4:      layout_loops_ring
D:5:      layout_cave_pools, lemuel_blue_sif_altar,
          nicolae_dithmenos_shadow_blocks, minmay_temple_entry_proselytizer,
          dreamdust_mushroom_princess, nrook_uturn
D:6:      layout_cave_pools, uniq_grinder
D:7:      layout_rooms, mainiacjoe_overflow_surrounded_room,
          amcnicky_altar_gilded, amethyst_killhole, nicolae_beast_mode
Temple:   nicolae_temple_slightly_damp_pantheon

Skill      XL: |  1  2  3  4  5  6  7  8 |
---------------+-------------------------+-----
Axes           | 3 4 5 6 7 |  7.3
Fighting       | 3 4 |  4.9
Dodging        | 3 4 |  4.5
Shapeshifting  | 1 2 3 4 |  4.4
Stealth        | |  0.7

Action                     |  1- 3 |  4- 6 |  7- 9 || total
---------------------------+-------+-------+-------++-------
  Melee: Hand axe          |   105 |   147 |   164 ||   416
Ability: Begin Untransform |     2 |       |       ||     2
    Use: Scroll            |     2 |     6 |     5 ||    13
         Potion            |       |       |     2 ||     2
 Armour: Robe              |    79 |   103 |   153 ||   335
  Dodge: Dodged            |    53 |    78 |   103 ||   234
   Form: Flux              |     2 |       |       ||     2

Table legend: (Time is in decaauts)
 A = Elapsed time spent in this place.
 B = Non-inter-level travel time spent in this place.
 C = Inter-level travel time spent in this place.
 D = Time resting spent in this place.
 E = Time spent auto-exploring this place.
 F = Levels seen in this place.
 G = Mean time per level.
                   A        B        C        D        E       F      G
               +--------+--------+--------+--------+--------+-----+--------+
         Total |   5346 |   5198 |    148 |    541 |   3623 |   8 |  668.2 |
       Dungeon |   5325 |   5177 |    148 |    541 |   3623 |   7 |  760.7 |
        Temple |     20 |     20 |      0 |      0 |      0 |   1 |   20.0 |
               +--------+--------+--------+--------+--------+-----+--------+

Top non-repeatable levels by time:
     D:4: 1118 daAuts
     D:3: 889 daAuts
     D:1: 814 daAuts
     D:7: 714 daAuts
     D:6: 690 daAuts
     D:5: 645 daAuts
     D:2: 454 daAuts
  Temple: 20 daAuts
